 Dungeon Crawl Stone Soup version 0.27.1-33-g824d729ab1 (webtiles) character file.

Game seed: 11380292908123885750

72 djsenpai the Shield-Bearer (level 4, 0/28 HPs)
             Began as a Gargoyle Fighter on Dec 12, 2021.
             Slain by Crazy Yiuf (7 damage)
             ... on level 2 of the Dungeon.
             The game lasted 00:05:23 (2654 turns).

djsenpai the Shield-Bearer (Gargoyle Fighter)       Turns: 2654, Time: 00:05:26

Health: 0/28       AC: 12    Str: 20    XL:     4   Next: 25%
Magic:  4/4        EV:  5    Int:  9    God:
Gold:   32         SH:  0    Dex:  9    Spells: 3/3 levels left

rFire    . . .     SeeInvis .   a - +0 flail
rCold    . . .     Faith    .   c - +0 kite shield
rNeg     + . .     Spirit   .   n - +0 chain mail
rPois    ∞         Reflect  .   (no helmet)
rElec    +         Harm     .   (no cloak)
rCorr    .         Rampage  .   (no gloves)
Will     .....                  (no boots)
Stlth    ..........             (no amulet)
HPRegen  0.09/turn              (no ring)
MPRegen  0.09/turn              (no ring)

@: confused
A: sickness immunity, AC +3, negative energy resistance 1, electricity
resistance, torment resistance 1, petrification resistance
a: no special abilities


You were on level 2 of the Dungeon.
You visited 1 branch of the dungeon, and saw 2 of its levels.

You collected 32 gold pieces.

Inventory:

Hand Weapons
 a - a +0 flail (weapon)
Missiles
 m - 216 stones (quivered)
Armour
 c - a +0 kite shield (worn)
 n - a +0 chain mail (worn)
Scrolls
 b - a scroll of magic mapping {unknown}
 e - 2 scrolls of identify {unknown}
 f - a scroll of noise {unknown}
 i - a scroll of acquirement {unknown}
 j - 3 scrolls of teleportation {unknown}
 k - a scroll of holy word {unknown}
 l - a scroll of enchant armour {unknown}
 o - a scroll of torment {unknown}
Potions
 d - a potion of might
 g - a potion of attraction {unknown}
 h - a potion of curing {unknown}


   Skills:
 + Level 3.5 Fighting
 + Level 3.0 Maces & Flails
 + Level 3.7 Armour
 + Level 0.6 Dodging
 + Level 3.9 Shields


You had 3 spell levels left.
You didn't know any spells.
Your spell library was empty.

Dungeon Overview and Level Annotations

Branches:
Dungeon (2/15)

Altars:
Wu Jian

Shops:
D:2 (

Annotations:
D:2 Crazy Yiuf


Innate Abilities, Weirdness & Mutations

You are immune to sickness and miasma.
Your stone body is resilient. (AC +3)
You are immune to poison.
You resist negative energy. (rN+)
You are resistant to electric shocks. (rElec)
You are resistant to unholy torment.
You are immune to petrification.


Message History

Found 24 stones.
m - 216 stones (gained 24) As you open the door, it creaks loudly!
There is an open door here.
There is an open door here.
Found a scroll labelled BOTYIMP RUSAUWK.
o - a scroll labelled BOTYIMP RUSAUWK
Found a mace.
Found a runed translucent door.
Crazy Yiuf shouts!
Hit: a) +0 flail
Press: ? - help, Dir - move target, f - Crazy Yiuf
Aim: Crazy Yiuf, wielding a +3 quarterstaff of chaos and wearing a +0 cloak (fire blocked by a runed translucent door, about 46% to evade your +0 flail)
You can't get through.
Okay, then.
Hit: a) +0 flail
Press: ? - help, Dir - move target, f - Crazy Yiuf
Aim: Crazy Yiuf, wielding a +3 quarterstaff of chaos and wearing a +0 cloak (fire blocked by a runed translucent door, about 44% to evade your +0 flail)
You can't get through.
Okay, then.
Hit: a) +0 flail
Press: ? - help, Dir - move target, f - you
Okay, then.
Press: ? - help, v - describe, . - travel The floor.
You open the door. You barely miss Crazy Yiuf.
Crazy Yiuf hits you with a +3 quarterstaff of chaos!
Crazy Yiuf barely misses you.
Your shield and chain mail prevent you from hitting Crazy Yiuf.
Crazy Yiuf grits, "Prologue!"
Crazy Yiuf hits you with a +3 quarterstaff of chaos!
* * * LOW HITPOINT WARNING * * *
You hit Crazy Yiuf.
Crazy Yiuf is lightly wounded.
Crazy Yiuf whimpers, "Powder stair noodlescoop!"
Crazy Yiuf hits you with a +3 quarterstaff of chaos.
* * * LOW HITPOINT WARNING * * *
You are confused.
Crazy Yiuf hits you with a +3 quarterstaff of chaos!
You die...

####### #.##.##.##.#. #..†..#####
#.##'#.....#. ####.###.....#
#.#.......... ......<#.#####
#####........ ####.#.#.#
#...#..#. .# #.#...#
########..#..#. .# #.##### ###
###.#....#..#..#. .# #.....#
#...##..#..........### .# #######
#...g@####..........#. .# #....#
#)..### ##.........#. .####.####
### #####.....#. ......#..#
#......#. ......#.## #......#.
......#.#################.....>#.
####..#.##............'....#...#.
#..#.##...##########...####.#.
#..#.##...##................#.


You could see Crazy Yiuf.

Vanquished Creatures
  An adder (D:2)
  2 dart slugs
  6 ball pythons
  3 endoplasms
  3 giant cockroaches
  8 hobgoblins
  3 jackals (D:1)
  2 quokkas (D:1)
  2 bats (D:2)
  5 frilled lizards
  4 goblins
  11 kobolds
  6 rats
56 creatures vanquished.

Notes
Turn   | Place    | Note
-------+----------+-------------------------------------------
     0 | D:1      | djsenpai the Gargoyle Fighter began the quest for the Orb.
     0 | D:1      | Reached XP level 1. HP: 14/14 MP: 1/1
   463 | D:1      | Reached XP level 2. HP: 19/19 MP: 2/2
   786 | D:1      | Reached XP level 3. HP: 22/23 MP: 3/3
  2126 | D:2      | Found an ornate altar of the Wu Jian Council.
  2159 | D:2      | Found Tunlewk's Antique Weapon Emporium.
  2188 | D:2      | Reached XP level 4. HP: 28/28 MP: 4/4
  2646 | D:2      | Found a runed translucent door.
  2647 | D:2      | Noticed Crazy Yiuf
  2654 | D:2      | Slain by Crazy Yiuf

Illustrated notes

Levels and vault maps discovered:
D:1:      mainiacjoe_arrival_reflecting_pool, layout_loops_cross
D:2:      layout_basic, basic_altar, serial_shops, shop, minmay_misc_feat_five,
          uniq_crazy_yiuf_cottage

Skill      XL: |  1  2  3 |
---------------+----------+-----
Maces & Flails | 3 |  3.0
Fighting       | |  3.5
Armour         | |  3.7
Dodging        | |  0.6
Shields        | |  3.9

Action                   |  1- 3 |  4- 6 || total
-------------------------+-------+-------++-------
Melee: Flail             |   150 |    20 ||   170
Armor: Scale mail        |    41 |       ||    41
       Chain mail        |    49 |     9 ||    58
Dodge: Dodged            |    32 |     2 ||    34
Block: Kite shield       |    99 |     9 ||   108
